TOP OF THE 1ST |
Hickory Crawdads batting - Pitching for Kannapolis Intimidators : RHP Dan Lay
|
Pitching: RHP Dan Lay
|
|
Batting: RHB Zhi-bin Ou-yang
|
0-0: Ball 1-0: Swinging Strike 1-1: Ball 2-1: Ground out 5-3 (Groundball, 56, EV 85.6 MPH)
|
Batting: LHB Casper Kersten
|
0-0: Ball 1-0: Called Strike 1-1: Foul Ball, location: 2F 1-2: Ground out 4-3 (Groundball, 4S, EV 90.0 MPH)
|
Batting: RHB Doug Hammertime
|
0-0: Swinging Strike 0-1: Ball 1-1: Foul Ball, location: 2F 1-2: Ball 2-2: Fly out, F7 (Flyball, 7S, EV 86.3 MPH)
|
Top of the 1st over - 0 runs, 0 hits, 0 errors, 0 left on base; Hickory 0 - Kannapolis 0 |
BOTTOM OF THE 1ST |
Kannapolis Intimidators batting - Pitching for Hickory Crawdads : RHP Dustin Noriega
|
Pitching: RHP Dustin Noriega
|
|
Batting: RHB Adam Lambert
|
0-0: Ground out 5-3 (Groundball, 5, EV 98.8 MPH)
|
Batting: RHB Benny O'Connor
|
0-0: Ball 1-0: Foul Ball, location: 2F 1-1: Swinging Strike 1-2: Foul Ball, location: 2F 1-2: Foul Ball, location: 2F 1-2: Ball 2-2: Ball 3-2: Base on Balls
|
Batting: RHB Mike Warzecha
|
0-0: Foul Ball, location: 2F 0-1: Called Strike 0-2: Foul Ball, location: 2F 0-2: Ball 1-2: Ball 2-2: Foul Ball, location: 2F 2-2: Ball 3-2: Foul Ball, location: 2F 3-2: Fly out, F9 (Flyball, 9LD, EV 98.1 MPH)
|
Batting: SHB Tadaaki Kondo
|
0-0: Foul Ball, location: 2F 0-1: Ground out 1-3 (Groundball, 15S, EV 68.8 MPH)
|
Bottom of the 1st over - 0 runs, 0 hits, 0 errors, 1 left on base; Hickory 0 - Kannapolis 0 |
TOP OF THE 2ND |
Hickory Crawdads batting - Pitching for Kannapolis Intimidators : RHP Dan Lay
|
Batting: SHB Rich Rubio
|
0-0: Called Strike 0-1: Swinging Strike 0-2: Strikes out swinging
|
Batting: LHB Mike Sammons
|
0-0: Ball 1-0: Foul Ball, location: 2F 1-1: Foul Ball, location: 2F 1-2: Ground out 4-3 (Groundball, 4, EV 76.9 MPH)
|
Batting: LHB Antonio Domingues
|
0-0: Ball 1-0: Ball 2-0: Fly out, F7 (Flyball, 7D, EV 91.3 MPH)
|
Top of the 2nd over - 0 runs, 0 hits, 0 errors, 0 left on base; Hickory 0 - Kannapolis 0 |
BOTTOM OF THE 2ND |
Kannapolis Intimidators batting - Pitching for Hickory Crawdads : RHP Dustin Noriega
|
Batting: LHB Dustin Taylor
|
0-0: Called Strike 0-1: Foul Ball, location: 2F 0-2: Foul Ball, location: 2F 0-2: Strikes out swinging
|
Batting: LHB John Thurman
|
0-0: Ball 1-0: SINGLE (Groundball, 34D, EV 110.0 MPH)
|
Batting: RHB Tyrell Camp
|
0-0: Ball John Thurman is caught stealing 2nd base 2-4 1-0: Called Strike 1-1: Called Strike 1-2: SINGLE (Line Drive, 56D, EV 99.4 MPH)
|
Batting: RHB Micah Brown
|
0-0: Called Strike 0-1: Ball 1-1: Ball 2-1: Ball 3-1: Foul Ball, location: 2F 3-2: Foul Ball, location: 2F 3-2: Base on Balls Tyrell Camp to second
|
Batting: LHB Preston Knaak
|
0-0: Ball 1-0: Called Strike 1-1: Foul Ball, location: 2F 1-2: Foul Ball, location: 2F 1-2: Ball 2-2: Foul Ball, location: 2F 2-2: Strikes out swinging
|
Bottom of the 2nd over - 0 runs, 2 hits, 0 errors, 2 left on base; Hickory 0 - Kannapolis 0 |
TOP OF THE 3RD |
Hickory Crawdads batting - Pitching for Kannapolis Intimidators : RHP Dan Lay
|
Batting: RHB Luis Grajeda
|
0-0: Called Strike 0-1: Swinging Strike 0-2: Ball 1-2: Fly out, F1 (Line Drive, P, EV 73.8 MPH)
|
Batting: RHB Rick Concha
|
0-0: Ball 1-0: Called Strike 1-1: Swinging Strike 1-2: Strikes out swinging
|
Batting: LHB Jose Baez
|
0-0: Ground out 6-3 (Groundball, 6, EV 83.1 MPH)
|
Top of the 3rd over - 0 runs, 0 hits, 0 errors, 0 left on base; Hickory 0 - Kannapolis 0 |
BOTTOM OF THE 3RD |
Kannapolis Intimidators batting - Pitching for Hickory Crawdads : RHP Dustin Noriega
|
Batting: RHB Adam Lambert
|
0-0: Called Strike 0-1: Swinging Strike 0-2: Fly out, F8 (Flyball, 8LD, EV 80.0 MPH)
|
Batting: RHB Benny O'Connor
|
0-0: Ball 1-0: Foul Ball, location: 2F 1-1: Swinging Strike 1-2: Ground out 3-1 (Groundball, 34S, EV 80.0 MPH)
|
Batting: RHB Mike Warzecha
|
0-0: Called Strike 0-1: Ball 1-1: Called Strike 1-2: Ball 2-2: Ball 3-2: Ground out 4-3 (Groundball, 4, EV 76.3 MPH)
|
Bottom of the 3rd over - 0 runs, 0 hits, 0 errors, 0 left on base; Hickory 0 - Kannapolis 0 |
TOP OF THE 4TH |
Hickory Crawdads batting - Pitching for Kannapolis Intimidators : RHP Dan Lay
|
Batting: RHB Zhi-bin Ou-yang
|
0-0: Ball 1-0: Ball 2-0: Ball 3-0: Called Strike 3-1: Fly out, F9 (Flyball, 89D, EV 98.1 MPH)
|
Batting: LHB Casper Kersten
|
0-0: Ball 1-0: Called Strike 1-1: SINGLE (Line Drive, 3D, EV 99.4 MPH)
|
Batting: RHB Doug Hammertime
|
0-0: Ball 1-0: Ball 2-0: Called Strike Casper Kersten steals 2nd base 2-1: Fly out, F8 (Flyball, 8LD, EV 98.1 MPH)
|
Batting: SHB Rich Rubio
|
0-0: SINGLE (Flyball, 5D, EV 85.6 MPH) Casper Kersten to third Runner from 3rd tries for Home, SAFE, throw by LF to home
|
Batting: LHB Mike Sammons
|
0-0: Called Strike 0-1: Fly out, F8 (Flyball, 8LD, EV 85.6 MPH)
|
Top of the 4th over - 1 run, 2 hits, 0 errors, 1 left on base; Hickory 1 - Kannapolis 0 |
BOTTOM OF THE 4TH |
Kannapolis Intimidators batting - Pitching for Hickory Crawdads : RHP Dustin Noriega
|
Batting: SHB Tadaaki Kondo
|
0-0: Swinging Strike 0-1: Swinging Strike 0-2: Ball 1-2: Foul Ball, location: 2F 1-2: Strikes out swinging
|
Batting: LHB Dustin Taylor
|
0-0: Ball 1-0: Foul Ball, location: 2F 1-1: Foul Ball, location: 2F 1-2: Foul Ball, location: 2F 1-2: Ball 2-2: Ground out 4-3 (Groundball, 4, EV 110.0 MPH)
|
Batting: LHB John Thurman
|
0-0: Fly out, F8 (Line Drive, 8RM, EV 96.9 MPH)
|
Bottom of the 4th over - 0 runs, 0 hits, 0 errors, 0 left on base; Hickory 1 - Kannapolis 0 |
TOP OF THE 5TH |
Hickory Crawdads batting - Pitching for Kannapolis Intimidators : RHP Dan Lay
|
Batting: LHB Antonio Domingues
|
0-0: Ball 1-0: Ball 2-0: Foul Ball, location: 2F 2-1: Foul Ball, location: 2F 2-2: Ball 3-2: Foul Ball, location: 2F 3-2: SINGLE (Line Drive, 5D, EV 97.5 MPH)
|
Batting: RHB Luis Grajeda
|
0-0: Called Strike Antonio Domingues steals 2nd base 0-1: Ball 1-1: Ground out 4-3 (Groundball, 4, EV 83.1 MPH) Antonio Domingues to third
|
Batting: RHB Rick Concha
|
0-0: Called Strike 0-1: Ball 1-1: Ball 2-1: Foul Ball, location: 2F 2-2: Foul Ball, location: 2F 2-2: Ball 3-2: Base on Balls
|
Pitching: RHP Jose Montoya
|
|
Batting: LHB Jose Baez
|
0-0: Called Strike Rick Concha steals 2nd base 0-1: Ball 1-1: Ball 2-1: Swinging Strike 2-2: Foul Ball, location: 2F 2-2: Foul Ball, location: 2F 2-2: Ball 3-2: Fly out, F8 (Line Drive, 8LD, EV 96.3 MPH) Runner from 3rd tags up, SCORES, no throw by CF
|
Batting: RHB Zhi-bin Ou-yang
|
0-0: SINGLE (Groundball, 56D, EV 100.6 MPH) (infield hit) Rick Concha to third
|
Batting: LHB Casper Kersten
|
0-0: Fly out, F5 (Popup, 15, EV 86.3 MPH)
|
Top of the 5th over - 1 run, 2 hits, 0 errors, 2 left on base; Hickory 2 - Kannapolis 0 |
BOTTOM OF THE 5TH |
Kannapolis Intimidators batting - Pitching for Hickory Crawdads : RHP Dustin Noriega
|
Batting: RHB Tyrell Camp
|
0-0: SINGLE (Line Drive, 8LS, EV 112.5 MPH)
|
Batting: RHB Micah Brown
|
0-0: Fly out, F9 (Flyball, 9LM, EV 95.0 MPH)
|
Batting: LHB Preston Knaak
|
0-0: Ball 1-0: 2-RUN HOME RUN (Flyball, 7LD, EV 91.3 MPH), Distance : 339 ft
|
Batting: RHB Adam Lambert
|
0-0: Ball 1-0: Swinging Strike 1-1: Ball 2-1: SINGLE (Groundball, 4MD, EV 102.5 MPH)
|
Batting: RHB Benny O'Connor
|
0-0: Ball Adam Lambert steals 2nd base 1-0: Called Strike 1-1: Foul Ball, location: 2F 1-2: Ball 2-2: Ball 3-2: Ground out 5-3 (Groundball, 56S, EV 75.6 MPH) Adam Lambert to third
|
Batting: RHB Mike Warzecha
|
0-0: Called Strike 0-1: DOUBLE (Line Drive, 9LS, EV 103.8 MPH) Adam Lambert scores
|
Batting: SHB Tadaaki Kondo
|
0-0: Ball 1-0: Ball 2-0: SINGLE (Line Drive, 89S, EV 104.4 MPH) Mike Warzecha to third
|
Batting: LHB Dustin Taylor
|
0-0: Ball 1-0: Called Strike 1-1: Ball 2-1: Swinging Strike 2-2: Ball 3-2: Foul Ball, location: 2F 3-2: Strikes out swinging
|
Bottom of the 5th over - 3 runs, 5 hits, 0 errors, 2 left on base; Hickory 2 - Kannapolis 3 |
TOP OF THE 6TH |
Hickory Crawdads batting - Pitching for Kannapolis Intimidators : RHP Jose Montoya
|
Batting: RHB Doug Hammertime
|
0-0: Ball 1-0: Foul Ball, location: 2F 1-1: Ball 2-1: Ball 3-1: Swinging Strike 3-2: Base on Balls
|
Batting: SHB Rich Rubio
|
0-0: Called Strike 0-1: Ball 1-1: Ball 2-1: Called Strike 2-2: Ball 3-2: Base on Balls Doug Hammertime to second
|
Pitching: LHP Yasuaki Yamada
|
|
Batting: LHB Mike Sammons
|
0-0: Ball Doug Hammertime steals 3rd base 1-0: Ball 2-0: Ball 3-0: Called Strike 3-1: Base on Balls Rich Rubio to second
|
Pinch Hitting: SHB Isaiah Cherry
|
0-0: Ball 1-0: Ball 2-0: Foul Ball, location: 2F 2-1: GRAND SLAM HOME RUN (Flyball, 9D, EV 95.6 MPH), Distance : 357 ft
|
Batting: RHB Luis Grajeda
|
0-0: Ball 1-0: Ball 2-0: Called Strike 2-1: Hit by Pitch
|
Batting: RHB Rick Concha
|
0-0: Called Strike 0-1: Called Strike 0-2: Ball Luis Grajeda is caught stealing 2nd base 2-4 1-2: Foul Ball, location: 2F 1-2: Ball 2-2: Foul Ball, location: 2F 2-2: Strikes out swinging
|
Pitching: RHP Tony Arriaga
|
|
Batting: LHB Jose Baez
|
0-0: Foul Ball, location: 2F 0-1: Ground out U3 (Groundball, 3, EV 99.4 MPH)
|
Top of the 6th over - 4 runs, 1 hit, 0 errors, 0 left on base; Hickory 6 - Kannapolis 3 |
BOTTOM OF THE 6TH |
Kannapolis Intimidators batting - Pitching for Hickory Crawdads : RHP Dustin Noriega
|
Now at 2B: Isaiah Cherry
|
|
Now in LF: Doug Hammertime
|
|
Batting: LHB John Thurman
|
0-0: SINGLE (Line Drive, 7S, EV 89.4 MPH)
|
Batting: RHB Tyrell Camp
|
0-0: Ball 1-0: Fly out, F9 (Flyball, 9LS, EV 90.0 MPH)
|
Batting: RHB Micah Brown
|
0-0: Called Strike John Thurman steals 2nd base 0-1: SINGLE (Line Drive, 78S, EV 103.8 MPH) John Thurman to third Runner from 3rd tries for Home, SAFE, throw by LF to home
|
Pitching: RHP Zach Snodgrass
|
|
Batting: LHB Preston Knaak
|
0-0: Ball 1-0: 2-RUN HOME RUN (Flyball, 7LD, EV 93.8 MPH), Distance : 330 ft
|
Batting: RHB Adam Lambert
|
0-0: Ground out 5-3 (Groundball, 56S, EV 72.5 MPH)
|
Batting: RHB Benny O'Connor
|
0-0: Fly out, F6 (Line Drive, 6, EV 65.6 MPH)
|
Bottom of the 6th over - 3 runs, 3 hits, 0 errors, 0 left on base; Hickory 6 - Kannapolis 6 |
TOP OF THE 7TH |
Hickory Crawdads batting - Pitching for Kannapolis Intimidators : RHP Tony Arriaga
|
Batting: RHB Zhi-bin Ou-yang
|
0-0: Ball 1-0: Called Strike 1-1: Ball 2-1: DOUBLE (Flyball, 89XD, EV 100.6 MPH)
|
Batting: LHB Casper Kersten
|
0-0: Ball 1-0: Called Strike 1-1: Foul Ball, location: 2F 1-2: SINGLE (Groundball, 34S, EV 75.6 MPH) (infield hit) Zhi-bin Ou-yang to third
|
Batting: RHB Doug Hammertime
|
0-0: Called Strike 0-1: SINGLE (Groundball, 4, EV 81.9 MPH) (infield hit) Zhi-bin Ou-yang scores Casper Kersten to second
|
Batting: SHB Rich Rubio
|
0-0: Swinging Strike 0-1: Ball 1-1: Swinging Strike 1-2: Strikes out swinging
|
Batting: LHB Mike Sammons
|
0-0: Called Strike 0-1: Ball 1-1: Foul Ball, location: 2F 1-2: Ball 2-2: Ball 3-2: Foul Ball, location: 2F 3-2: Base on Balls Casper Kersten to third Doug Hammertime to second
|
Pitching: LHP Donald Brannon
|
|
Batting: SHB Isaiah Cherry
|
0-0: Ball 1-0: Ball 2-0: Foul Ball, location: 2F 2-1: Foul Ball, location: 2F 2-2: Ball 3-2: Base on Balls Casper Kersten scores Doug Hammertime to third Mike Sammons to second
|
Batting: RHB Luis Grajeda
|
0-0: Ball 1-0: Ball 2-0: Ball 3-0: Base on Balls Doug Hammertime scores Mike Sammons to third Isaiah Cherry to second
|
Batting: RHB Rick Concha
|
0-0: Called Strike 0-1: Ball 1-1: Ball 2-1: SINGLE (Groundball, 6MD, EV 110.0 MPH) Mike Sammons scores Isaiah Cherry to third Luis Grajeda to second
|
Pinch Hitting: RHB Nate Calderin
|
0-0: Called Strike 0-1: Ball 1-1: Ball 2-1: Ball Passed Ball! Isaiah Cherry scores Luis Grajeda to third Rick Concha to second 3-1: Base on Balls
|
Pitching: LHP Ienari Kitahara
|
|
Batting: RHB Zhi-bin Ou-yang
|
0-0: Ball 1-0: Ball 2-0: Called Strike 2-1: Swinging Strike 2-2: Foul Ball, location: 2F 2-2: Foul Ball, location: 2F 2-2: Hit by Pitch Luis Grajeda scores Rick Concha to third Nate Calderin to second
|
Batting: LHB Casper Kersten
|
0-0: Fly out, F9 (Flyball, 89S, EV 86.3 MPH)
|
Batting: RHB Doug Hammertime
|
0-0: Ball 1-0: Ball 2-0: Ball 3-0: Base on Balls Rick Concha scores Nate Calderin to third Zhi-bin Ou-yang to second
|
Batting: SHB Rich Rubio
|
0-0: Ball 1-0: Ground out 3-1 (Groundball, 34S, EV 93.1 MPH)
|
Top of the 7th over - 7 runs, 4 hits, 0 errors, 3 left on base; Hickory 13 - Kannapolis 6 |
BOTTOM OF THE 7TH |
Kannapolis Intimidators batting - Pitching for Hickory Crawdads : RHP Zach Snodgrass
|
Now in CF: Adryão Anto
|
|
Batting: RHB Mike Warzecha
|
0-0: DOUBLE (Flyball, 8RXD, EV 95.6 MPH)
|
Batting: SHB Tadaaki Kondo
|
0-0: Ball 1-0: Ball 2-0: Called Strike 2-1: Ball 3-1: SINGLE (Groundball, 34S, EV 71.3 MPH) (infield hit) Mike Warzecha to third
|
Pinch Hitting: RHB Omar Lopez
|
0-0: Called Strike 0-1: Called Strike 0-2: Strikes out swinging
|
Batting: LHB John Thurman
|
0-0: Fielders Choice at 2nd, 5-4 (Groundball, 5L, EV 97.5 MPH) Mike Warzecha scores
|
Batting: RHB Tyrell Camp
|
0-0: Ball 1-0: Foul Ball, location: 2F 1-1: Foul Ball, location: 2F 1-2: Foul Ball, location: 2F 1-2: Hit by Pitch John Thurman to second
|
Batting: RHB Micah Brown
|
0-0: Fielders Choice at 2nd, 6-4 (Groundball, 6, EV 90.0 MPH)
|
Bottom of the 7th over - 1 run, 2 hits, 0 errors, 2 left on base; Hickory 13 - Kannapolis 7 |
TOP OF THE 8TH |
Hickory Crawdads batting - Pitching for Kannapolis Intimidators : LHP Ienari Kitahara
|
Now in LF: Omar Lopez
|
|
Batting: LHB Mike Sammons
|
0-0: Ball 1-0: Ball 2-0: Ball 3-0: Base on Balls
|
Pitching: LHP Steve Knezevic
|
|
Batting: SHB Isaiah Cherry
|
0-0: Ball 1-0: Fielders Choice at 2nd, 3-6 (Groundball, 34S, EV 90.6 MPH)
|
Batting: RHB Luis Grajeda
|
0-0: Ball Isaiah Cherry steals 2nd base 1-0: Foul Ball, location: 2F 1-1: Called Strike 1-2: Fly out, F9 (Flyball, 9D, EV 90.0 MPH) Runner from 2nd tags up, SAFE at 3rd, no throw by RF
|
Batting: RHB Rick Concha
|
0-0: Called Strike 0-1: Foul Ball, location: 2F 0-2: SINGLE (Groundball, 4MD, EV 107.5 MPH) Isaiah Cherry scores
|
Batting: RHB Adryão Anto
|
0-0: Ball 1-0: Ball Rick Concha steals 2nd base 2-0: Ball 3-0: Called Strike 3-1: Foul Ball, location: 2F 3-2: Base on Balls
|
Batting: RHB Zhi-bin Ou-yang
|
0-0: Ball 1-0: Ball 2-0: Ball 3-0: Called Strike 3-1: Base on Balls Rick Concha to third Adryão Anto to second
|
Batting: LHB Casper Kersten
|
0-0: Swinging Strike 0-1: Ball 1-1: Ball 2-1: Foul Ball, location: 2F 2-2: Foul Ball, location: 2F 2-2: Strikes out swinging
|
Top of the 8th over - 1 run, 1 hit, 0 errors, 3 left on base; Hickory 14 - Kannapolis 7 |
BOTTOM OF THE 8TH |
Kannapolis Intimidators batting - Pitching for Hickory Crawdads : RHP Zach Snodgrass
|
Batting: LHB Preston Knaak
|
0-0: Ball 1-0: Called Strike 1-1: Ball 2-1: Ball 3-1: Swinging Strike 3-2: DOUBLE (Line Drive, 7LD, EV 101.9 MPH)
|
Batting: RHB Adam Lambert
|
0-0: Ball 1-0: Swinging Strike 1-1: Called Strike 1-2: Ball 2-2: Strikes out swinging
|
Batting: RHB Benny O'Connor
|
0-0: Called Strike 0-1: Ball 1-1: Foul Ball, location: 2F 1-2: Foul Ball, location: 2F 1-2: Hit by Pitch
|
Batting: RHB Mike Warzecha
|
0-0: Called Strike 0-1: Ball 1-1: TRIPLE (Line Drive, 89XD, EV 104.4 MPH) Preston Knaak scores Benny O'Connor scores
|
Pitching: LHP Danny Frizzell
|
|
Batting: SHB Tadaaki Kondo
|
0-0: Foul Ball, location: 2F 0-1: Ball 1-1: Ball 2-1: Ground out 6-3 (Groundball, 56, EV 105.0 MPH) Mike Warzecha scores
|
Batting: RHB Omar Lopez
|
0-0: Ball 1-0: SINGLE (Groundball, 56D, EV 95.0 MPH)
|
Batting: LHB John Thurman
|
0-0: Ground out 4-3 (Groundball, 4, EV 99.4 MPH)
|
Bottom of the 8th over - 3 runs, 3 hits, 0 errors, 1 left on base; Hickory 14 - Kannapolis 10 |
TOP OF THE 9TH |
Hickory Crawdads batting - Pitching for Kannapolis Intimidators : LHP Steve Knezevic
|
Batting: RHB Doug Hammertime
|
0-0: Ball 1-0: Ball 2-0: Ball 3-0: Called Strike 3-1: Base on Balls
|
Batting: SHB Rich Rubio
|
0-0: Ball 1-0: Called Strike 1-1: Ball 2-1: SINGLE (Flyball, 8LS, EV 89.4 MPH) Doug Hammertime to second
|
Batting: LHB Mike Sammons
|
0-0: SINGLE (Groundball, 34D, EV 100.6 MPH) Doug Hammertime to third Rich Rubio to second Runner from 3rd tries for Home, SAFE, throw by RF to home
|
Batting: SHB Isaiah Cherry
|
0-0: 3-RUN HOME RUN (Flyball, 78XD, EV 105.6 MPH), Distance : 395 ft
|
Batting: RHB Luis Grajeda
|
0-0: Foul Ball, location: 2F 0-1: Swinging Strike 0-2: Ball 1-2: SOLO HOME RUN (Flyball, 7LD, EV 93.1 MPH), Distance : 350 ft
|
Batting: RHB Rick Concha
|
0-0: Ball 1-0: Called Strike 1-1: Called Strike 1-2: SINGLE (Groundball, 4MD, EV 101.9 MPH)
|
Batting: RHB Adryão Anto
|
0-0: Ball 1-0: Ball 2-0: Called Strike 2-1: Ball 3-1: SINGLE (Flyball, 3D, EV 88.8 MPH) Rick Concha to second
|
Batting: RHB Zhi-bin Ou-yang
|
0-0: Ball 1-0: Called Strike 1-1: Ball 2-1: Swinging Strike 2-2: Foul Ball, location: 2F 2-2: Ball 3-2: Base on Balls Rick Concha to third Adryão Anto to second
|
Pinch Hitting: RHB David Rodgers
|
0-0: Foul Ball, location: 2F 0-1: Ball 1-1: Swinging Strike 1-2: Ball 2-2: SINGLE (Groundball, 6S, EV 73.8 MPH) (infield hit) Rick Concha scores Adryão Anto to third Zhi-bin Ou-yang to second
|
Pitching: LHP Shi-xian Juan
|
|
Batting: RHB Doug Hammertime
|
0-0: Ball 1-0: Ball Wild Pitch! Adryão Anto scores Zhi-bin Ou-yang to third David Rodgers to second Balk! Zhi-bin Ou-yang scores David Rodgers to third 2-0: Fly out, F7 (Flyball, 78S, EV 89.4 MPH)
|
Batting: SHB Rich Rubio
|
0-0: Ball 1-0: Fly out, F8 (Flyball, 8RS, EV 80.0 MPH)
|
Batting: LHB Mike Sammons
|
0-0: Ball Passed Ball! David Rodgers scores 1-0: Ball 2-0: Called Strike 2-1: Swinging Strike 2-2: Ground out 5-3 (Groundball, 56, EV 100.0 MPH)
|
Top of the 9th over - 9 runs, 7 hits, 0 errors, 0 left on base; Hickory 23 - Kannapolis 10 |
BOTTOM OF THE 9TH |
Kannapolis Intimidators batting - Pitching for Hickory Crawdads : LHP Danny Frizzell
|
Now at 3B: David Rodgers
|
|
Batting: RHB Tyrell Camp
|
0-0: Ground out U3 (Groundball, 34, EV 104.4 MPH)
|
Pinch Hitting: RHB Ching-hsia Zhang
|
0-0: Ball 1-0: Swinging Strike 1-1: Ball 2-1: Ball 3-1: Foul Ball, location: 2F 3-2: Base on Balls
|
Batting: LHB Preston Knaak
|
0-0: Called Strike 0-1: Ball 1-1: Foul Ball, location: 2F 1-2: Ball 2-2: Grounds into double play, 4-6-3 (Groundball, 4, EV 82.5 MPH)
|
Bottom of the 9th over - 0 runs, 0 hits, 0 errors, 0 left on base; Hickory 23 - Kannapolis 10 |
|